 Dungeon Sprint DCSS version 0.31-a0-358-gac0dbeb3ab (webtiles) character file.

Game seed: 12643229996002659957

521 EC1 the Protected (level 7, -2/70 HPs)
             Began as a Minotaur Fighter on July 26, 2023.
             Was an Initiate of Makhleb.
             Slain by a sixfirhy (9 damage)
             ... summoned by a kobold demonologist
             ... in the Dungeon (Sprint I: "Red Sonja").
             The game lasted 00:00:51 (347 turns).

EC1 the Protected (Minotaur Fighter)                 Turns: 347, Time: 00:00:53

Health: -2/70      AC:  9    Str: 23    XL:     7   Next: 1%
Magic:  6/6        EV: 10    Int:  5    God:    Makhleb [......]
Gold:   270        SH:  5    Dex:  9    Spells: 6/6 levels left

rFire   . . .        a - +0 flail
rCold   . . .        c - +0 buckler
rNeg    . . .        b - +0 scale mail
rPois   .            (helmet restricted)
rElec   .            (no cloak)
rCorr   .            (no gloves)
SInv    .            (no boots)
Will    .....        (no amulet) Stlth
                     (no ring)
HPRegen 0.31/turn    (no ring)
MPRegen 0.10/turn

%: no teleportation
@: no status effects
A: horns 2, retaliatory headbutt
a: Renounce Religion


You were in the Dungeon.
You worshipped Makhleb.
Makhleb was noncommittal.
You visited 1 branch You collected 270 gold pieces.

Inventory:

Hand Weapons
 a - a +0 flail (weapon)
Armour
 b - a +0 scale mail (worn)
 c - a +0 buckler (worn)
Wands
 k - a wand of acid (7)
Scrolls
 j - a scroll of blinking
Potions
 d - a potion of might
 e - a potion of curing
 f - a potion of heal wounds
 g - a potion of haste
 h - 2 potions of magic
 i - a potion of berserk rage


   Skills:
 + Level 9.6 Fighting
 + Level 8.1 Maces & Flails
 + Level 11.1 Armour
 + Level 1.6 Dodging
 + Level 0.6 Stealth
 + Level 9.0 Shields


You had 6 spell levels left.
You didn't know any spells.
Your spell library was empty.

Dungeon Overview and Level Annotations

Branches:
Dungeon (1/1)

Altars:
Makhleb
Xom
Jiyva
Lugonu


Innate Abilities, Weirdness & Mutations

You have a pair of horns on your head.
You reflexively headbutt those who attack you in melee.


Message History

The sixfirhy hits you! The sixfirhy shocks you! The sixfirhy misses you.
The sixfirhy hits you but does no damage.
The crimson imp hits you but does no damage.
The crimson imp laughs crazily.
The kobold demonologist casts a cantrip, but nothing happens.
The kobold demonologist hits you but does no damage.
You block the sixfirhy's attack.
You closely miss the kobold demonologist.
The kobold demonologist is severely wounded.
The ufetubus shouts!
The sixfirhy hits you but does no damage.
The crimson imp hits you but does no damage.
The kobold demonologist hits you but does no damage.
The kobold demonologist barely misses you.
You hit the kobold demonologist.
The kobold demonologist is almost dead.
The crimson imp blinks!
The crimson imp grinds its teeth.
The crimson imp blinks!
The kobold demonologist barely misses you.
The crimson imp hits you but does no damage.
You barely miss the kobold demonologist.
Your headbutt misses the kobold demonologist.
The kobold demonologist is lightly wounded.
The sixfirhy hits you! The sixfirhy shocks you!
The kobold demonologist mumbles some strange words.
The kobold demonologist casts a spell.
The sixfirhy hits you.
* * * LOW HITPOINT WARNING * * *
The sixfirhy shocks you!
* * * LOW HITPOINT WARNING * * *
The rust devil completely misses you.
The crimson imp hits you but does no damage.
You hit the kobold demonologist.
Your headbutt misses the kobold demonologist.
The kobold demonologist is lightly wounded.
The sixfirhy hits you.
* * * LOW HITPOINT WARNING * * *
The sixfirhy shocks you!
You die...

######################
..').#..'..#__#3@4K5.#
).#..').#..'..55K#5.4#
####'#####+#__####55.+
#..# #### #### ####


You could see an ice devil (summoned), a rust devil (summoned), 2 kobold
demonologists, a sixfirhy (summoned), an iron imp (summoned), 2 crimson imps, a
shadow imp (summoned) and an ufetubus (summoned).

Vanquished Creatures
  A slime creature (D)
  Sigmund (D)
  A floating eye (D)
  An ogre (D)
  Ijyb (D)
5 creatures vanquished.

Notes
Turn   | Place    | Note
-------+----------+-------------------------------------------
     0 | D        | EC1 the Minotaur Fighter began the quest for the Orb.
     0 | D        | Reached XP level 1. HP: 19/19 MP: 0/0
     1 | D        | Noticed Ijyb
    12 | D        | Killed Ijyb
    13 | D        | Reached skill level 5 in Fighting
    13 | D        | Reached skill level 5 in Armour
    13 | D        | Reached XP level 2. HP: 11/29 MP: 1/1
    88 | D        | Noticed an ogre
    94 | D        | Killed an ogre
    95 | D        | Reached skill level 7 in Armour
    95 | D        | Reached XP level 3. HP: 20/38 MP: 2/2
    95 | D        | Reached XP level 4. HP: 24/45 MP: 3/3
   180 | D        | Noticed Sigmund
   184 | D        | Killed Sigmund
   185 | D        | Reached skill level 9 in Armour
   185 | D        | Reached skill level 1 in Dodging
   185 | D        | Reached XP level 5. HP: 40/55 MP: 4/4
   185 | D        | Reached XP level 6. HP: 45/62 MP: 5/5
   253 | D        | Found a burning altar of Makhleb.
   253 | D        | Found a viscous altar of Jiyva.
   253 | D        | Found a shimmering altar of Xom.
   253 | D        | Found a corrupted altar of Lugonu.
   253 | D        | Noticed a slime creature
   259 | D        | Killed a slime creature
   260 | D        | Reached skill level 10 in Armour
   263 | D        | Became a worshipper of Makhleb the Destroyer
   326 | D        | Noticed a kobold demonologist
   326 | D        | Noticed a floating eye
   326 | D        | Noticed a kobold demonologist
   328 | D        | Paralysed by a floating eye for 4 turns
   333 | D        | Killed a floating eye
   334 | D        | Reached skill level 11 in Armour
   334 | D        | Reached XP level 7. HP: 66/70 MP: 6/6
   338 | D        | Noticed a rust devil
   342 | D        | Noticed a sixfirhy
   347 | D        | Noticed an ice devil
   347 | D        | Slain by a sixfirhy

Illustrated notes

Levels and vault maps discovered:
D:        dungeon_sprint_1 [red_sonja_temple_1, red_sonja_temple_small_1]

Skill      XL: |  1  2  3  4  5  6 |
---------------+-------------------+-----
Fighting       | 5 6 8 9 |  9.6
Maces & Flails | 3 4 6 8 |  8.1
Armour         | 5 7 9 11 | 11.1
Shields        | 4 6 7 9 |  9.0
Dodging        | 1 |  1.6
Stealth        | |  0.6

Action                     |  1- 3 |  4- 6 |  7- 9 || total
---------------------------+-------+-------+-------++-------
  Melee: Flail             |    15 |    10 |    14 ||    39
         Headbutt          |     2 |     6 |     2 ||    10
 Armour: Scale mail        |     2 |     3 |    20 ||    25
  Dodge: Dodged            |     6 |     1 |     8 ||    15
  Block: Buckler           |       |     2 |     5 ||     7

Table legend: (Time is in decaauts)
 A = Elapsed time spent in this place.
 B = Non-inter-level travel time spent in this place.
 C = Inter-level travel time spent in this place.
 D = Time resting spent in this place.
 E = Time spent auto-exploring this place.
 F = Levels seen in this place.
 G = Mean time per level.
                   A        B        C        D        E       F      G
               +--------+--------+--------+--------+--------+-----+--------+
         Total |    352 |    352 |      0 |    251 |      0 |   1 |  352.0 |
       Dungeon |    352 |    352 |      0 |    251 |      0 |   1 |  352.0 |
               +--------+--------+--------+--------+--------+-----+--------+

Top non-repeatable levels by time:
       D: 352 daAuts
